PAA
ATHLETIC CLUB KC ACADEMY @ SPRINGFIELD SHOOTERS
08/17/2022
 
TOP OF THE 1ST
Athletic Club KC Academy batting - Pitching for Springfield Shooters : RHP Johnny Wheeler
Pitching: RHP Johnny Wheeler
Batting: SHB António Montés 0-0: Ground out 1-3 (Groundball, 23)
Batting: RHB Allen Williams 0-0: Foul Ball, location: 2F
0-1: Foul Ball, location: 2F
0-2: Fly out, F6 (Popup, 6)
Batting: RHB Dave Robertson 0-0: Called Strike
0-1: Ball
1-1: Swinging Strike
1-2: Foul Ball, location: 2F
1-2: Foul Ball, location: 2F
1-2: Ball
2-2: Foul Ball, location: 2F
2-2: Strikes out swinging
Top of the 1st over - 0 run(s), 0 hit(s), 0 error(s), 0 left on base; Athletic Club KC Academy 0 - Springfield 0
BOTTOM OF THE 1ST
Springfield Shooters batting - Pitching for Athletic Club KC Academy : RHP Pedro Ramírez
Pitching: RHP Pedro Ramírez
Batting: RHB Sean Godron 0-0: Ball
1-0: Foul Ball, location: 2F
1-1: Ball
2-1: Ball
3-1: Foul Ball, location: 2F
3-2: Foul Ball, location: 2F
3-2: Ground out 5-3 (Groundball, 5)
Batting: LHB Ray Anderson 0-0: Called Strike
0-1: Ball
1-1: Called Strike
1-2: Strikes out swinging
Batting: RHB Tom Potts 0-0: Foul Ball, location: 2F
0-1: Called Strike
0-2: Strikes out swinging
Bottom of the 1st over - 0 run(s), 0 hit(s), 0 error(s), 0 left on base; Athletic Club KC Academy 0 - Springfield 0
TOP OF THE 2ND
Athletic Club KC Academy batting - Pitching for Springfield Shooters : RHP Johnny Wheeler
Batting: LHB Ed Hammond 0-0: Called Strike
0-1: SOLO HOME RUN (Flyball, 9D), Distance : 354 ft
Batting: RHB Chris Teague 0-0: Called Strike
0-1: Foul Ball, location: 2F
0-2: SINGLE (Line Drive, 4M)
Batting: RHB Michael Walker 0-0: Foul Ball, location: 2F
Balk!
Chris Teague to second
0-1: Called Strike
0-2: Strikes out looking
Batting: RHB Bob Curry 0-0: Fly out, F8 (Flyball, 8LM)
Batting: RHB Larry Johnston 0-0: Ball
1-0: Called Strike
1-1: Fly out, F9 (Flyball, 9LM)
Top of the 2nd over - 1 run(s), 2 hit(s), 0 error(s), 1 left on base; Athletic Club KC Academy 1 - Springfield 0
BOTTOM OF THE 2ND
Springfield Shooters batting - Pitching for Athletic Club KC Academy : RHP Pedro Ramírez
Batting: RHB José López 0-0: Called Strike
0-1: Ball
1-1: Called Strike
1-2: Ball
2-2: Ball
3-2: SINGLE (Groundball, 6MD)
Batting: RHB Frank Crocker 0-0: Ball
1-0: Ball
2-0: Ball
3-0: Base on Balls
José López to second
Batting: SHB Albert Santos 0-0: Foul Ball, location: 2F
0-1: Ball
1-1: Ball
2-1: Foul Ball, location: 2F
2-2: Fly out, F8 (Flyball, 8LM)
Batting: RHB Jack Sloan 0-0: Foul Ball, location: 2F
0-1: Foul Ball, location: 2F
0-2: Foul Ball, location: 2F
0-2: Ball
1-2: Ball
2-2: Ball
3-2: Fly out, F7 (Flyball, 78D)
Batting: RHB Roberto Alonzo 0-0: Fly out, F8 (Flyball, 8LM)
Bottom of the 2nd over - 0 run(s), 1 hit(s), 0 error(s), 2 left on base; Athletic Club KC Academy 1 - Springfield 0
TOP OF THE 3RD
Athletic Club KC Academy batting - Pitching for Springfield Shooters : RHP Johnny Wheeler
Batting: RHB William Williams 0-0: Ball
1-0: Ball
2-0: Fly out, F7 (Line Drive, 78D)
Batting: SHB António Montés 0-0: Called Strike
0-1: Foul Ball, location: 2F
0-2: Ball
1-2: DOUBLE (Line Drive, 8RXD)
Batting: RHB Allen Williams 0-0: Ball
1-0: Ground out 1-3 (Groundball, 25)
Batting: RHB Dave Robertson 0-0: Ball
António Montés steals 3rd base
1-0: Ball
2-0: Called Strike
2-1: Swinging Strike
2-2: Fly out, F9 (Flyball, 89D)
Top of the 3rd over - 0 run(s), 1 hit(s), 0 error(s), 1 left on base; Athletic Club KC Academy 1 - Springfield 0
BOTTOM OF THE 3RD
Springfield Shooters batting - Pitching for Athletic Club KC Academy : RHP Pedro Ramírez
Batting: SHB Jack Bell 0-0: Ball
1-0: Ball
2-0: Ball
3-0: Base on Balls
Batting: RHB Sean Godron 0-0: Ball
1-0: Ball
2-0: Grounds into double play, 5-4-3 (Groundball, 56)
Batting: LHB Ray Anderson 0-0: Called Strike
0-1: DOUBLE (Groundball, 3L)
Batting: RHB Tom Potts 0-0: SINGLE (Line Drive, 56D)
Ray Anderson to third
Runner from 3rd tries for Home, SAFE, no throw or cutoff
Batting: RHB José López 0-0: Called Strike
0-1: Foul Ball, location: 2F
0-2: Ball
1-2: Ground out 6-3 (Groundball, 56D)
Bottom of the 3rd over - 1 run(s), 2 hit(s), 0 error(s), 1 left on base; Athletic Club KC Academy 1 - Springfield 1
TOP OF THE 4TH
Athletic Club KC Academy batting - Pitching for Springfield Shooters : RHP Johnny Wheeler
Batting: LHB Ed Hammond 0-0: Ball
1-0: Ball
2-0: Called Strike
2-1: Ball
3-1: Base on Balls
Batting: RHB Chris Teague 0-0: Swinging Strike
0-1: Ball
1-1: Ball
2-1: SINGLE (Flyball, 8LS)
Ed Hammond to second
Batting: RHB Michael Walker 0-0: Called Strike
0-1: Called Strike
0-2: Ball
1-2: Strikes out swinging
Batting: RHB Bob Curry 0-0: Called Strike
0-1: Foul Ball, location: 2F
0-2: Foul Ball, location: 2F
0-2: Ball
1-2: Ball
2-2: SINGLE (Line Drive, 56)
Ed Hammond to third
Chris Teague to second
Runner from 3rd tries for Home, SAFE, no throw or cutoff
Batting: RHB Larry Johnston 0-0: Called Strike
0-1: Ball
1-1: Fly out, F4 (Popup, 4)
Batting: RHB William Williams 0-0: Called Strike
0-1: Ball
1-1: Ball
2-1: Reached on error, E6 (Groundball, 6)
Chris Teague to third
Bob Curry to second
Batting: SHB António Montés 0-0: Ball
1-0: Called Strike
1-1: Foul Ball, location: 2F
1-2: Ball
2-2: Fly out, F8 (Flyball, 8LXD)
Top of the 4th over - 1 run(s), 2 hit(s), 1 error(s), 3 left on base; Athletic Club KC Academy 2 - Springfield 1
BOTTOM OF THE 4TH
Springfield Shooters batting - Pitching for Athletic Club KC Academy : RHP Pedro Ramírez
Batting: RHB Frank Crocker 0-0: Ball
1-0: Fly out, F8 (Flyball, 8RM)
Batting: SHB Albert Santos 0-0: Foul Ball, location: 2F
0-1: Ball
1-1: Ball
2-1: Called Strike
2-2: Ball
3-2: Base on Balls
Batting: RHB Jack Sloan 0-0: Ball
1-0: Ball
Albert Santos steals 2nd base
2-0: Called Strike
2-1: SINGLE (Line Drive, 78S)
Albert Santos to third
Runner from 3rd tries for Home, SAFE, throw made home
Jack Sloan to second
Batting: RHB Roberto Alonzo 0-0: Called Strike
0-1: Foul Ball, location: 2F
0-2: Ball
1-2: Foul Ball, location: 2F
1-2: Ball
2-2: Ground out 3-1 (Groundball, 34)
Jack Sloan to third
Batting: SHB Jack Bell 0-0: Ball
1-0: Foul Ball, location: 2F
1-1: Ball
2-1: Foul Ball, location: 2F
2-2: Strikes out swinging
Bottom of the 4th over - 1 run(s), 1 hit(s), 0 error(s), 1 left on base; Athletic Club KC Academy 2 - Springfield 2
TOP OF THE 5TH
Athletic Club KC Academy batting - Pitching for Springfield Shooters : RHP Johnny Wheeler
Now in CF: Torquato Villani
Batting: RHB Allen Williams 0-0: Swinging Strike
0-1: Ball
1-1: Swinging Strike
1-2: Ball
2-2: Ball
3-2: Strikes out swinging
Batting: RHB Dave Robertson 0-0: Ball
1-0: Ball
2-0: Called Strike
2-1: Foul Ball, location: 2F
2-2: Ball
3-2: Ground out 6-3 (Groundball, 6)
Batting: LHB Ed Hammond 0-0: Called Strike
0-1: Ball
1-1: Ball
2-1: Ground out 4-3 (Groundball, 34)
Top of the 5th over - 0 run(s), 0 hit(s), 0 error(s), 0 left on base; Athletic Club KC Academy 2 - Springfield 2
BOTTOM OF THE 5TH
Springfield Shooters batting - Pitching for Athletic Club KC Academy : RHP Pedro Ramírez
Batting: LHB Torquato Villani 0-0: Ball
1-0: Called Strike
1-1: Foul Ball, location: 2F
1-2: Ground out 6-3 (Groundball, 6)
Batting: LHB Ray Anderson 0-0: Ball
1-0: Foul Ball, location: 2F
1-1: Swinging Strike
1-2: Ball
2-2: Foul Ball, location: 2F
2-2: SINGLE (Groundball, 4M)
Batting: RHB Tom Potts 0-0: Ball
1-0: Swinging Strike
1-1: Ball
Wild Pitch!
Ray Anderson to second
2-1: Swinging Strike
2-2: Foul Ball, location: 2F
2-2: Strikes out looking
Batting: RHB José López 0-0: Called Strike
0-1: Ball
1-1: SINGLE (Groundball, 56D)
Ray Anderson to third
Throwing error, E7
Ray Anderson scores
José López to second
Batting: RHB Frank Crocker 0-0: Fly out, F7 (Flyball, 78M)
Bottom of the 5th over - 1 run(s), 2 hit(s), 1 error(s), 1 left on base; Athletic Club KC Academy 2 - Springfield 3
TOP OF THE 6TH
Athletic Club KC Academy batting - Pitching for Springfield Shooters : RHP Johnny Wheeler
Batting: RHB Chris Teague 0-0: Ball
1-0: Ball
2-0: Swinging Strike
2-1: Ball
3-1: Foul Ball, location: 2F
3-2: DOUBLE (Flyball, 8LM)
Batting: RHB Michael Walker 0-0: Ball
1-0: SINGLE (Flyball, 78S)
Chris Teague to third
Batting: RHB Bob Curry 0-0: Ball
1-0: Ball
2-0: Ball
3-0: Base on Balls
Michael Walker to second
Batting: RHB Larry Johnston 0-0: Foul Ball, location: 2F
0-1: Ball
1-1: Grounds into double play, 4-2-3 (Groundball, 4M)
Michael Walker to third
Bob Curry to second
Batting: RHB William Williams 0-0: Ball
1-0: Fly out, F8 (Flyball, 8RM)
Top of the 6th over - 0 run(s), 2 hit(s), 0 error(s), 2 left on base; Athletic Club KC Academy 2 - Springfield 3
BOTTOM OF THE 6TH
Springfield Shooters batting - Pitching for Athletic Club KC Academy : RHP Pedro Ramírez
Batting: SHB Albert Santos 0-0: Ball
1-0: Ground out 1-3 (Groundball, 23)
Batting: RHB Jack Sloan 0-0: Ball
1-0: Fly out, F7 (Flyball, 7D)
Batting: RHB Roberto Alonzo 0-0: Called Strike
0-1: Ball
1-1: Ball
2-1: Ground out 5-3 (Groundball, 5)
Bottom of the 6th over - 0 run(s), 0 hit(s), 0 error(s), 0 left on base; Athletic Club KC Academy 2 - Springfield 3
TOP OF THE 7TH
Athletic Club KC Academy batting - Pitching for Springfield Shooters : RHP Johnny Wheeler
Batting: SHB António Montés 0-0: Called Strike
0-1: Fly out, F9 (Flyball, 9LM)
Batting: RHB Allen Williams 0-0: Called Strike
0-1: Fly out, F5 (Line Drive, 56)
Batting: RHB Dave Robertson 0-0: Ball
1-0: Fly out, F7 (Flyball, 7D)
Top of the 7th over - 0 run(s), 0 hit(s), 0 error(s), 0 left on base; Athletic Club KC Academy 2 - Springfield 3
BOTTOM OF THE 7TH
Springfield Shooters batting - Pitching for Athletic Club KC Academy : RHP Pedro Ramírez
Batting: SHB Jack Bell 0-0: Ground out 6-3 (Groundball, 6)
Batting: LHB Torquato Villani 0-0: Ball
1-0: Called Strike
1-1: Ball
2-1: Swinging Strike
2-2: Fly out, F8 (Flyball, 8RS)
Batting: LHB Ray Anderson 0-0: Ball
1-0: Called Strike
1-1: Ball
2-1: Foul Ball, location: 2F
2-2: Ball
3-2: Base on Balls
Pitching: RHP Juan Herrera
Batting: RHB Tom Potts 0-0: Ball
1-0: Fly out, F8 (Flyball, 8RM)
Bottom of the 7th over - 0 run(s), 0 hit(s), 0 error(s), 1 left on base; Athletic Club KC Academy 2 - Springfield 3
TOP OF THE 8TH
Athletic Club KC Academy batting - Pitching for Springfield Shooters : RHP Johnny Wheeler
Batting: LHB Ed Hammond 0-0: Ball
1-0: Called Strike
1-1: Ball
2-1: Fly out, F8 (Line Drive, 8LS)
Batting: RHB Chris Teague 0-0: Swinging Strike
0-1: Ball
1-1: Foul Ball, location: 2F
1-2: Fly out, F7 (Flyball, 7M)
Batting: RHB Michael Walker 0-0: Called Strike
0-1: Ball
1-1: SINGLE (Popup, 56D)
Pitching: RHP Rick Brewer
Pinch Hitting: RHB John Williams 0-0: Called Strike
0-1: Ball
1-1: Foul Ball, location: 2F
1-2: Ball
2-2: Ball
3-2: Fly out, F7 (Flyball, 78S)
Top of the 8th over - 0 run(s), 1 hit(s), 0 error(s), 1 left on base; Athletic Club KC Academy 2 - Springfield 3
BOTTOM OF THE 8TH
Springfield Shooters batting - Pitching for Athletic Club KC Academy : RHP Juan Herrera
Now at 3B: Mike Lovell
Batting: RHB José López 0-0: Ball
1-0: Ball
2-0: SINGLE (Groundball, 6MD)
Pinch Runner at 1st Javier Vásquez:
Pinch Hitting: RHB Ethan Miller 0-0: Called Strike
0-1: Ball
1-1: Ball
2-1: Ground out 6-3 (Groundball, 56D)
Javier Vásquez to second
Batting: SHB Albert Santos 0-0: Intentional Walk
Batting: RHB Jack Sloan 0-0: Foul Ball, location: 2F
0-1: Ball
Javier Vásquez steals 3rd base
Albert Santos to second
1-1: Ball
2-1: Ball
3-1: Base on Balls
Batting: RHB Roberto Alonzo 0-0: Ball
1-0: Fly out, F3 (Popup, 34S)
Pinch Hitting: RHB Roy Herring 0-0: Swinging Strike
0-1: Foul Ball, location: 2F
0-2: Fielders Choice at 2nd, U6 (Groundball, 6M)
Bottom of the 8th over - 0 run(s), 1 hit(s), 0 error(s), 3 left on base; Athletic Club KC Academy 2 - Springfield 3
TOP OF THE 9TH
Athletic Club KC Academy batting - Pitching for Springfield Shooters : RHP Rick Brewer
Pitching: RHP Bryce Randolph
Now at 1B: Mike Neal
Now at 2B: Javier Vásquez
Now at 3B: Roy Herring
Pinch Hitting: LHB Jim Unknown 0-0: Called Strike
0-1: Ball
1-1: Called Strike
1-2: Ball
2-2: Ball
3-2: Fly out, F6 (Popup, 7S)
Pinch Hitting: LHB José Durán 0-0: Ball
1-0: Fly out, F6 (Line Drive, 6)
Batting: SHB António Montés 0-0: Fly out, F7 (Flyball, 78M)
Top of the 9th over - 0 run(s), 0 hit(s), 0 error(s), 0 left on base; Athletic Club KC Academy 2 - Springfield 3
This league is powered by Out of the Park Baseball, the baseball management simulation game for PC, Mac and Linux
Friday, April 15th, 2016 - OOTP Baseball 16.9 Build 39